 Dungeon Crawl Stone Soup version 0.20-a0-947-g2784f4f (webtiles) character file.

142 Alarkh the Slasher (level 5, 35/41 HPs)
             Began as a Demonspawn Fighter on Apr 3, 2017.
             Quit the game on level 3 of the Dungeon.
             The game lasted 00:02:19 (2649 turns).

Alarkh the Slasher (Demonspawn Fighter)             Turns: 2649, Time: 00:02:19

Health: 35/41      AC:  6    Str: 16    XL:     5   Next: 3%
Magic:  5/5        EV:  6    Int: 10    God:
Gold:   104        SH:  8    Dex: 13    Spells: 4/4 levels left

rFire    . . .     SeeInvis .   a - +0 long sword
rCold    . . .     Gourm    .   c - +0 shield
rNeg     . . .     Faith    .   b - +0 scale mail
rPois    .         Spirit   .   (no helmet)
rElec    .         Reflect  .   (no cloak)
rCorr    .         Harm     .   (no gloves)
MR       .....                  (no boots)
Stlth    ..........             (no amulet)
Regen    0.2/turn               (no ring)
MPRegen  0.1/turn               (no ring)

@: no status effects
A: claws 1, powered by death 2, rot immunity
a: no special abilities


You were on level 3 of the Dungeon.
You were not hungry.

You visited 1 branch of the dungeon, and saw 3 of its levels.

You collected 104 gold pieces.

Inventory:

Hand Weapons
 a - a +0 long sword (weapon)
Armour
 b - a +0 scale mail (worn)
 c - a +0 shield (worn)
Jewellery
 s - an uncursed amulet of harm {unknown}
Scrolls
 e - 3 scrolls of teleportation
 g - a scroll of blinking {unknown}
 j - a scroll of enchant weapon {unknown}
 m - a scroll of identify {unknown}
 n - a scroll of fog {unknown}
 p - a scroll of amnesia {unknown}
 t - a scroll of remove curse {unknown}
 u - a scroll of recharging {unknown}
Potions
 d - 2 potions of might
 h - a potion of magic {unknown}
 l - a potion of brilliance
 o - a potion of mutation {unknown}
 q - a potion of agility {unknown}
 r - a potion of lignification
Comestibles
 f - 3 bread rations
 i - 2 meat rations
 k - 2 chunks of flesh


   Skills:
 - Level 3.0 Fighting
 + Level 4.8 Long Blades
 - Level 2.6 Armour
 - Level 2.6 Shields


You had 4 spell levels left.
You didn't know any spells.

Dungeon Overview and Level Annotations

Branches:
Dungeon (3/15)

Altars:
Elyvilon


Innate Abilities, Weirdness & Mutations

You have sharp fingernails.
You regenerate health from kills.
You are immune to rotting.


Message History

You hit the dart slug but do no damage.
The dart slug is heavily wounded.
The dart slug bites you but does no damage.
You hit the dart slug.
The dart slug is almost dead.
The dart slug bites you but does no damage.
You hit the dart slug.
You kill the dart slug!
The kobold closely misses you.
You closely miss the kobold. The kobold completely misses you.
You block the kobold's attack.
Your shield and scale mail prevent you from hitting the kobold.
The kobold barely misses you.
You hit the kobold.
The kobold is moderately wounded.
The kobold hits you with a short sword.
You hit the kobold.
You kill the kobold!
No target in view!
Are you sure you want to abandon this character and quit the game? (Confirm with "yes".)

#...........
#........... #.
#........... #..
#........... ... #...
#........... ...#
..$##........... ...
.........)......
..#######....@.......
####.#.>...........#####
.....#.#####...##..#
.##..#.#....#...#..#
..............>....#
.##..#.#.##.#...#..#
.##..#.#.##.#...#..#
.##..#.#..#.#...#..#
.....#.##.#.#...#..#


There were no monsters in sight!

Vanquished Creatures
  An orc wizard (D:2)
  5 adders
  An ooze (D:1)
  4 worms (D:2)
  2 dart slugs
  A leopard gecko (D:3)
  3 orcs (D:2)
  2 bats
  2 giant cockroaches
  6 goblins
  6 hobgoblins
  2 jackals (D:3)
  3 frilled lizards
  6 kobolds
  4 rats
48 creatures vanquished.

Vanquished Creatures (others)
  A kobold (D:3)
1 creature vanquished.

Grand Total: 49 creatures vanquished

Notes
Turn   | Place    | Note
-------+----------+-------------------------------------------
     0 | D:1      | Alarkh the Demonspawn Fighter began the quest for the Orb.
     0 | D:1      | Reached XP level 1. HP: 18/18 MP: 1/1
    30 | D:1      | Reached skill level 2 in Long Blades
   110 | D:1      | Gained mutation: You regenerate a little health from kills. [demonic ancestry]
   110 | D:1      | Reached XP level 2. HP: 21/24 MP: 2/2
   726 | D:1      | Reached skill level 3 in Long Blades
   943 | D:1      | Gained mutation: You regenerate health from kills. [demonic ancestry]
   943 | D:1      | Reached XP level 3. HP: 29/29 MP: 3/3
  1499 | D:2      | Gained mutation: You are immune to rotting. [demonic ancestry]
  1499 | D:2      | Reached XP level 4. HP: 22/35 MP: 4/4
  1832 | D:2      | Reached skill level 4 in Long Blades
  2026 | D:2      | HP: 1/35 [orc wizard/magic dart (6)]
  2352 | D:3      | Found a white marble altar of Elyvilon.
  2576 | D:3      | Gained mutation: You have sharp fingernails. [demonic ancestry]
  2576 | D:3      | Reached XP level 5. HP: 35/41 MP: 5/5
  2649 | D:3      | Quit the game

Vault maps used:
D:1:      saegor_arrival_simple_f
D:3:      first_bread, elyvilon_altar_4

Skill      XL: |  1  2  3  4 |
---------------+-------------+-----
Long Blades    | 2 3 4 |  4.8
Fighting       | |  3.0
Armour         | |  2.6
Shields        | |  2.6

Action                   |  1- 3 |  4- 6 || total
-------------------------+-------+-------++-------
Melee: Long sword        |   110 |    71 ||   181
  Use: Scroll            |     1 |       ||     1
       Potion            |       |     3 ||     3
  Eat: Chunk             |     2 |     4 ||     6
Armor: Scale mail        |    33 |    20 ||    53
       Skin              |       |     1 ||     1
Dodge: Dodged            |    29 |    26 ||    55
Block: Shield            |    54 |    24 ||    78
       Rpst.: Long sword |    13 |     7 ||    20
